 Dungeon Crawl Stone Soup version 0.25.0-26-g0c896c7088 (webtiles) character file.

Game seed: 8440384812130769083

1586 Matador8 the Cleaver (level 8, -9/67 HPs)
             Began as a Minotaur Fighter on June 30, 2020.
             Was a Follower of Uskayaw.
             Mangled by an ogre
             ... wielding a +0 giant club
              (23 damage)
             ... on level 6 of the Dungeon.
             The game lasted 00:19:53 (6650 turns).

Matador8 the Cleaver (Minotaur Fighter)             Turns: 6650, Time: 00:19:54

Health: -9/67      AC:  8    Str: 23    XL:     8   Next: 61%
Magic:  7/7        EV:  8    Int:  5    God:    Uskayaw [*.....]
Gold:   430        SH:  9    Dex: 10    Spells: 7/7 levels left

rFire    . . .     SeeInvis .   a - +0 war axe
rCold    . . .     Gourm    .   c - +0 kite shield
rNeg     . . .     Faith    .   b - +0 scale mail
rPois    .         Spirit   .   (helmet restricted)
rElec    .         Reflect  .   (no cloak)
rCorr    .         Harm     .   q - +0 pair of gloves
MR       .....                  (no boots)
Stlth    ..........             (no amulet)
HPRegen  0.21/turn              (no ring)
MPRegen  0.10/turn              (no ring)

@: no status effects
A: retaliatory headbutt, horns 2
a: Stomp, Renounce Religion


You were on level 6 of the Dungeon.
You worshipped Uskayaw.
Uskayaw was noncommittal.
You were not hungry.

You visited 2 branches of the dungeon, and saw 7 of its levels.
You also visited: Sewer.

You collected 430 gold pieces.

Inventory:

Hand Weapons
 a - a +0 war axe (weapon)
 C - a +0 hand axe of pain
Missiles
 j - 5 boomerangs of dispersal (quivered)
 w - 4 boomerangs
Armour
 b - a +0 scale mail (worn)
 c - a +0 kite shield (worn)
 q - a +0 pair of gloves (worn)
Jewellery
 o - an uncursed ring of poison resistance {unknown}
 x - a +6 ring of strength {unknown}
Wands
 h - a wand of flame (11)
 H - a wand of acid (4)
Scrolls
 g - 3 scrolls of blinking
 i - 3 scrolls of enchant armour
 k - 8 scrolls of teleportation
 s - a scroll of enchant weapon
 t - 2 scrolls of amnesia
 v - a scroll of noise {unknown}
 y - 2 scrolls of identify
 E - a scroll of magic mapping {unknown}
 J - a scroll of remove curse {unknown}
Potions
 d - 2 potions of might
 e - 5 potions of curing
 l - 4 potions of lignification
 m - a potion of ambrosia {unknown}
 n - a potion of cancellation {unknown}
 p - a potion of mutation {unknown}
 r - 2 potions of flight
 u - a potion of brilliance {unknown}
 z - a potion of heal wounds {unknown}
 A - a potion of invisibility {unknown}
 B - a potion of berserk rage {unknown}
 D - a potion of degeneration {unknown}
 F - a potion of magic {unknown}
 G - a potion of stabbing {unknown}
Comestibles
 f - 9 rations
 I - 3 chunks of flesh


   Skills:
 + Level 4.8 Fighting
 - Level 11.7 Axes
 - Level 2.1 Throwing
 + Level 3.8 Armour
 + Level 2.6 Dodging
 - Level 3.6 Shields


You had 7 spell levels left.
You didn't know any spells.
Your spell library was empty.

Dungeon Overview and Level Annotations

Branches:
Dungeon (6/15)             Temple (1/1) D:6           Sewer (visited)

Altars:
Ashenzari
Cheibriados
Dithmenos
Elyvilon
Fedhas
Gozag
Hepliaklqana
Kikubaaqudgha
Makhleb
Nemelex Xobeh
Okawaru
Qazlal
Ru
Sif Muna
Trog
Uskayaw
Vehumet
Yredelemnul
The Shining One

Annotations:
D:4 1 runed translucent door, Crazy Yiuf


Innate Abilities, Weirdness & Mutations

You reflexively headbutt those who attack you in melee.
You have a pair of horns on your head.


Message History

You headbutt the ogre, but do no damage.
The ogre is moderately wounded.
The ogre hits you with a +0 giant club!!
You completely miss the ogre.
The ogre is moderately wounded.
Your shield prevents you from hitting the ogre.
The ogre is moderately wounded.
The ogre hits you with a +0 giant club!
You completely miss the ogre.
The ogre is moderately wounded.
The hound stops to sniff the ground.
You block the ogre's attack.
You hit the ogre.
The ogre is heavily wounded.
The ogre hits you with a +0 giant club!
* * * LOW HITPOINT WARNING * * *
You slash the ogre!
The ogre is almost dead.
The ogre hits you with a +0 giant club!!
You die...

#.# #.# .......
#.# ....... #.#
....... #.#
....... #.#
....... # #.#
....... #
##.#####.......
#
#.....@Oh......
#
###############
# # # # #


You could see an ogre and a hound.

Vanquished Creatures
  Grinder (D:6)
  Eustachio (D:4)
  Duvessa (D:4)
  A sky beast (D:6)
  An ogre (D:4)
  A centaur (D:5)
  Dowan (D:4)
  2 scorpions
  3 crimson imps
  5 hounds
  The ghost of IHuginn the Scratcher, a weakling FeTm (D:3)
  A gnoll shaman (D:5)
  An orc priest (D:5)
  Jessica (D:2)
  4 worker ants
  Robin (D:2)
  5 gnolls (D:5)
  3 adders
  2 shadow imps (D:6)
  2 oozes
  An adder zombie (D:6)
  An adder skeleton (D:4)
  7 worms
  5 dart slugs
  7 leopard geckos
  10 orcs
  4 ball pythons
  13 bats
  2 giant cockroaches
  19 goblins
  15 hobgoblins
  10 jackals
  4 kobolds (D:1)
  3 quokkas
  7 frilled lizards
  A jackal skeleton (D:5)
  A quokka skeleton (D:5)
  14 rats
162 creatures vanquished.

Notes
Turn   | Place    | Note
-------+----------+-------------------------------------------
     0 | D:1      | Matador8 the Minotaur Fighter began the quest for the Orb.
     0 | D:1      | Reached XP level 1. HP: 19/19 MP: 0/0
    24 | D:1      | Reached skill level 3 in Axes
   120 | D:1      | Reached XP level 2. HP: 26/26 MP: 1/1
   322 | D:1      | Reached skill level 4 in Axes
   492 | D:1      | Reached XP level 3. HP: 31/31 MP: 2/2
  1036 | D:2      | Noticed Robin
  1053 | D:2      | Reached skill level 5 in Axes
  1058 | D:2      | Killed Robin
  1222 | D:2      | Reached XP level 4. HP: 39/39 MP: 3/3
  1288 | D:2      | Noticed Jessica
  1312 | D:2      | Killed Jessica
  1949 | D:3      | Reached skill level 6 in Axes
  2158 | D:3      | Found a large runed translucent door.
  2159 | D:3      | Found a large runed translucent door.
  2161 | D:3      | Noticed IHuginn's ghost (weakling FeTm)
  2177 | D:3      | Found a sparkling altar of Nemelex Xobeh.
  2216 | D:3      | Found an iron altar of Okawaru.
  2221 | D:3      | Found a snail-covered altar of Cheibriados.
  2236 | D:3      | Found a shimmering blue altar of Sif Muna.
  2241 | D:3      | Found a glowing golden altar of the Shining One.
  2326 | D:3      | Found a glowing drain.
  2330 | Sewer    | Entered a sewer
  2333 | Sewer    | Reached XP level 5. HP: 45/45 MP: 4/4
  2918 | D:3      | Reached skill level 7 in Axes
  3228 | D:3      | Killed IHuginn's ghost
  3458 | D:4      | Noticed Eustachio
  3475 | D:4      | Killed Eustachio
  3475 | D:4      | Reached skill level 8 in Axes
  3475 | D:4      | Reached XP level 6. HP: 24/51 MP: 5/5
  3788 | D:4      | Reached skill level 9 in Axes
  3948 | D:4      | Found a runed translucent door.
  3949 | D:4      | Noticed Crazy Yiuf
  4153 | D:4      | Reached XP level 7. HP: 57/57 MP: 6/6
  4164 | D:4      | Noticed Duvessa
  4164 | D:4      | Noticed Dowan
  4210 | D:4      | Killed Duvessa
  4218 | D:4      | Killed Dowan
  4218 | D:4      | Reached skill level 10 in Axes
  4653 | D:5      | Entered Level 5 of the Dungeon
  4758 | D:5      | Reached skill level 11 in Axes
  4988 | D:5      | Reached XP level 8. HP: 51/64 MP: 7/7
  5673 | D:6      | Reached skill level 1 in Throwing
  5673 | D:6      | Reached skill level 1 in Dodging
  6010 | D:6      | Found a staircase to the Ecumenical Temple.
  6022 | Temple   | Entered the Ecumenical Temple
  6248 | Temple   | Became a worshipper of Uskayaw the Reveler
  6305 | D:6      | Noticed Grinder
  6309 | D:6      | Reached * piety under Uskayaw
  6310 | D:6      | Killed Grinder
  6310 | D:6      | Reached ** piety under Uskayaw
  6477 | D:6      | Found a sacrificial altar of Ru.
  6567 | D:6      | Found an opulent altar of Gozag.
  6650 | D:6      | Mangled by an ogre

Illustrated notes

Levels and vault maps discovered:
D:1:      minmay_arrival_radiant_lines, layout_loops_ring, minmay_crystal_room,
          dk_noncrumbling_4, hangedman_abyss_or_decor_stabs,
          chequers_serial_rivers_marsh
D:2:      layout_basic, first_ration, serial_park_tiny_1, uniq_jessica,
          uniq_robin
D:3:      layout_loops_ring, old_standard_altar,
          grunt_temple_overflow_cloverleaf, ebering_ghost_disaster_area,
          gup_sewer_entry_bowl, minmay_joined_circles
D:4:      layout_gridville, uniq_eustachio, uniq_duvessa,
          uniq_crazy_yiuf_cottage
D:5:      layout_gridville, cheibrodos_gnoll_hut
D:6:      layout_basic, nicolae_ru_awakened_eye, doesnt_xom_only_xom,
          minmay_temple_entry_antechambers, nicolae_gozag_seed_capital,
          uniq_grinder
Temple:   nicolae_temple_figure_eight

Skill      XL: |  1  2  3  4  5  6  7  8 |
---------------+-------------------------+-----
Axes           | 3 4 5 6 8 9 11 | 11.7
Fighting       | 4 |  4.8
Throwing       | 2 |  2.1
Dodging        | 2 |  2.6
Armour         | |  3.8
Shields        | |  3.6

Action                   |  1- 3 |  4- 6 |  7- 9 || total
-------------------------+-------+-------+-------++-------
Melee: War axe           |    75 |   191 |   155 ||   421
       Headbutt          |     7 |    20 |    26 ||    53
Evoke: Wand              |       |     4 |     3 ||     7
  Use: Scroll            |       |     5 |     4 ||     9
       Potion            |       |     2 |     2 ||     4
  Eat: Chunk             |     1 |    10 |     4 ||    15
       Ration            |       |       |     1 ||     1
Armor: Scale mail        |    19 |    95 |    44 ||   158
Dodge: Dodged            |    27 |    49 |    33 ||   109
Block: Kite shield       |    38 |   109 |    53 ||   200
